 Dungeon Crawl Stone Soup version 0.27-a0-1557-g57f10a385c (webtiles) character file.

Game seed: 8924784386669745412

232 freelancePsychic the Magician (level 6, 0/47 HPs)
             Began as a Djinni Ice Elementalist on July 16, 2021.
             Killed by nerve-wracking pain
             ... invoked by Grinder
              (10 damage)
             ... on level 3 of the Dungeon.
             The game lasted 00:05:29 (3413 turns).

freelancePsychic the Magician (DjIE)                Turns: 3413, Time: 00:05:29

Health: 0/47       AC:  3    Str:  7    XL:     6   Next: 25%
Gold:   91         EV: 12    Int: 25    God:
                   SH:  0    Dex: 13

rFire    + + .     SeeInvis .   b - +0 dagger (drain)
rCold    x . .     Faith    .   (no shield)
rNeg     . . .     Spirit   .   a - +0 robe
rPois    ∞         Reflect  .   (no helmet)
rElec    .         Harm     .   (no cloak)
rCorr    .         Rampage  .   c - +0 pair of gloves
Will     .....                  (boots unavailable)
Stlth    ++........             (no amulet)
HPRegen  0.15/turn              d - +6 ring of intelligence
MPRegen  0.00/turn              (no ring)

@: flying
A: sickness immunity, fire resistance 2, cold vulnerability 1, float, innate
caster, hp casting, extra vitality 1
a: no special abilities


You were on level 3 of the Dungeon.
You visited 1 branch of the dungeon, and saw 3 of its levels.

You collected 91 gold pieces.

Inventory:

Hand Weapons
 b - a +0 dagger of draining (weapon)
Armour
 a - a +0 robe (worn)
 c - a +0 pair of gloves (worn)
Jewellery
 d - a +6 ring of intelligence (left hand)
 i - a +6 ring of intelligence
 k - a ring of poison resistance
Scrolls
 f - a scroll of blinking
 h - a scroll of noise {unknown}
 j - 3 scrolls of teleportation {unknown}
 l - a scroll of magic mapping {unknown}
 m - a scroll of identify {@r1}


   Skills:
 + Level 3.8 Fighting
 - Level 2.1 Dodging
 - Level 1.5 Stealth
 + Level 4.5 Spellcasting


You couldn't memorise any spells.
You knew the following spells:

 Your Spells              Type           Power      Damage    Failure   Level
a - Freeze                Ice            100%       1d11      1%          1
b - Frozen Ramparts       Ice            56%        1d7       4%          3
c - Ozocubu's Armour      Ice            28%        N/A       4%          3
d - Hailstorm             Conj/Ice       28%        3d8       13%         4
e - Shock                 Conj/Air       100%       1d9       1%          1
f - Blink                 Tloc           N/A        N/A       1%          2
Your spell library was empty.

Dungeon Overview and Level Annotations

Branches:
Dungeon (3/15)

Altars:
Qazlal
Sif Muna

Shops:
D:2 *

Annotations:
D:3 Grinder


Innate Abilities, Weirdness & Mutations

You are immune to sickness and miasma.
You are immune to poison.
Your flesh is very heat resistant. (rF++)
You are vulnerable to cold. (rC-)
You float through the air rather than walking.
You learn spells naturally, not from books.
Your magical power is your life essence.
You have superior vitality. (+4 HP)


Message History

You closely miss Grinder.
Grinder is moderately wounded.
Grinder completely resists.
The wall freezes Grinder but does no damage.
Grinder says, "You look like you could use a good racking."
Grinder blinks!
As you read the scroll of summoning, it crumbles to dust.
Wisps of shadow whirl around you... Grinder hits your kobold.
Your kobold writhes in agony.
What are your orders? t - Shout!
Orders for allies: a - Attack new target. r - Retreat! s - Stop attacking. g - Guard the area. f - Follow me.
Anything else - Cancel.
Gang up on whom?
Press: ? - help, Dir - move target, f - Grinder
Aim: Grinder (moderately wounded, ally target) Attack!
Grinder hits your kobold.
Your kobold dies!
Your kobold's corpse dissolves into shadows!
It was a potion of curing.
You feel better.
Grinder blinks!
Your icy armour cracks and falls away as you move.
The frozen ramparts melt away as you move.
You see here a +0 short sword.
You see here a +0 dagger.
You start resting.
Grinder is nearby!
Grinder gestures at you. Pain shoots through your body!
* * * LOW HITPOINT WARNING * * *
Your endoplasm freezes Grinder.
Grinder is frozen.
Grinder completely resists.
Grinder hits your endoplasm!
Your endoplasm dies!
Grinder gestures at you.
You struggle to resist.
You see here a +0 robe.
Grinder gestures at you. Pain shoots through your body!
You die...

# #..###.## #...# #.#
#####.###...######.## #.#
..............# #..# #.#
##.....######.#####<# #.# ##...##
#...# #.#####.# ##.#.# ###[#
#....#†.# ##..#.#### #.#
####...## .........######[##
##..# ##.##.##...5....@#### #..#
...##..#######......####.##
..).......................#
###...##..######..###.###.## #
#.#####.#### ##.###..##..#### #
###)#####....####..###........###
.........###.....#...#####.......
.........# #####...#.# ###..##.
...).....# ###.#.# ##.###


You could see Grinder.

Vanquished Creatures
  Natasha (thrice) (D:2)
  Robin (D:3)
  4 gnolls (D:2)
  2 adders
  3 worms
  3 dart slugs
  6 orcs (D:3)
  4 ball pythons
  7 bats
  7 endoplasms
  3 giant cockroaches
  6 hobgoblins
  3 jackals (D:1)
  2 quokkas (D:1)
  2 frilled lizards
  9 goblins
  2 kobolds
  5 rats
72 creatures vanquished.

Notes
Turn   | Place    | Note
-------+----------+-------------------------------------------
     0 | D:1      | freelancePsychic the Djinni Ice Elementalist began the
                  | quest for the Orb.
     0 | D:1      | Reached XP level 1. HP: 15/15 MP: 0/0
   380 | D:1      | Reached XP level 2. HP: 19/22 MP: 0/0
   382 | D:1      | Reached skill level 1 in Fighting
   662 | D:1      | HP: 1/22 [goblin (3)]
  1089 | D:1      | Reached XP level 3. HP: 25/27 MP: 0/0
  1089 | D:1      | Learned a level 1 spell: Shock
  1706 | D:2      | Found Bonobav's Assorted Antiques.
  1974 | D:2      | Noticed Natasha
  1988 | D:2      | Killed Natasha
  1989 | D:2      | Reached XP level 4. HP: 30/34 MP: 0/0
  2027 | D:2      | Reached skill level 4 in Spellcasting
  2028 | D:2      | Reached XP level 5. HP: 25/40 MP: 0/0
  2028 | D:2      | Learned a level 2 spell: Blink
  2035 | D:2      | Noticed Natasha
  2269 | D:2      | Killed Natasha
  2275 | D:2      | Noticed Natasha
  2282 | D:2      | Killed Natasha
  2844 | D:3      | Reached XP level 6. HP: 43/46 MP: 0/0
  2980 | D:3      | Noticed Robin
  2987 | D:3      | Killed Robin
  3236 | D:3      | Found a stormy altar of Qazlal.
  3336 | D:3      | Noticed Grinder
  3348 | D:3      | Paralysed by Grinder for 7 turns
  3413 | D:3      | Killed from afar by Grinder

Illustrated notes

Levels and vault maps discovered:
D:1:      eino_arrival_cavern_b, layout_basic
D:2:      layout_rooms, serial_shops, nicolae_shop_crystal, basic_altar,
          hangedman_decor_growths, uniq_natasha
D:3:      layout_rooms, nicolae_qazlal_eye_of_the_storm, uniq_robin,
          uniq_grinder

Skill      XL: |  1  2  3  4  5 |
---------------+----------------+-----
Fighting       | 1 2 3 |  3.8
Spellcasting   | 4 |  4.5
Dodging        | |  2.1
Stealth        | |  1.5

Action                   |  1- 3 |  4- 6 || total
-------------------------+-------+-------++-------
Melee: Dagger            |       |     4 ||     4
 Cast: Freeze            |    34 |     2 ||    36
       Shock             |    32 |    44 ||    76
       Frozen Ramparts   |       |    11 ||    11
       Ozocubu's Armour  |       |     5 ||     5
  Use: Scroll            |     2 |     3 ||     5
       Potion            |       |     1 ||     1
Armor: Robe              |     3 |     9 ||    12
Dodge: Dodged            |    15 |    13 ||    28

Table legend: (Time is in decaauts)
 A = Elapsed time spent in this place.
 B = Non-inter-level travel time spent in this place.
 C = Inter-level travel time spent in this place.
 D = Time resting spent in this place.
 E = Time spent auto-exploring this place.
 F = Levels seen in this place.
 G = Mean time per level.
                   A        B        C        D        E       F      G
               +--------+--------+--------+--------+--------+-----+--------+
         Total |   3411 |   3344 |     67 |    374 |   2562 |   3 | 1137.0 |
       Dungeon |   3411 |   3344 |     67 |    374 |   2562 |   3 | 1137.0 |
               +--------+--------+--------+--------+--------+-----+--------+

Top non-repeatable levels by time:
     D:1: 1705 daAuts
     D:2: 909 daAuts
     D:3: 796 daAuts
